 Dungeon Crawl Stone Soup version 0.23-a0-375-g66a18ee (webtiles) character file.

535389 Dawnplanks the Conqueror (level 25, -13/255 (257) HPs)
             Began as a Minotaur Berserker on Oct 25, 2018.
             Was the Champion of Trog.
             Mangled by an azure jelly (15 damage)
             ... created by the Royal Jelly
             ... while paralysed by a floating eye
             ... on level 5 of the Pits of Slime on Oct 26, 2018.
             The game lasted 05:37:02 (58061 turns).

Dawnplanks the Conqueror (Minotaur Berserker)      Turns: 58061, Time: 05:37:02

HP:   -13/255 (257) AC: 13    Str: 30    XL:     25   Next: 9%
MP:   0/19          EV:  2    Int:  4    God:    Trog [******]
Gold: 3668          SH:  0    Dex: 20    Spells: 24/24 levels left

rFire    + + .     SeeInvis .   p - +3 demon whip of Darkness {vamp, +Fly rC+}
rCold    + . .     Gourm    .   V - +3 large shield of Taidwyum {rF+ Str+3}
rNeg     + + .     Faith    .   g - quicksilver dragon scales
rPois    +         Spirit   +   U - +2 hat of the Bear Spirit {Spirit, +Rage rN+ MR++}
rElec    .         Reflect  .   D - scarf {repulsion}
rCorr    +         Harm     .   J - +1 pair of gloves
MR       +++++     Clarity  +   A - +1 pair of boots of the Spider Nest {Str+3}
Stlth    ..........             i - amulet of the Four Winds {rN+ MR+++ Clar}
HPRegen  0.52/turn              K - ring of resist corrosion
MPRegen  0.16/turn              x - ring "Onuekhot" {rPois rF+ Slay+5 Stlth-}

@: paralysed, corroded, berserk cooldown, slowed, repel missiles
A: retaliatory headbutt, horns 2, low mp 1, shaggy fur 1
}: 2/15 runes: serpentine, barnacled
a: Berserk, Trog's Hand, Brothers in Arms, Renounce Religion, Evoke Berserk
Rage, Evoke Flight


You were on level 5 of the Pits of Slime.
You worshipped Trog.
Trog was exalted by your worship.
You were not hungry.

You visited 10 branches of the dungeon, and saw 49 of its levels.
You also visited: Volcano.

You collected 7006 gold pieces.
You spent 3338 gold pieces at shops.

Inventory:

Hand Weapons
 p - the +3 demon whip of Darkness (weapon) {vamp, +Fly rC+}
   (Trog gifted it to you on level 4 of the Shoals)

   It inflicts no extra harm, but heals its wielder when it wounds a living foe.
   It protects you from cold.
   It lets you fly.
 s - a +0 sacred scourge of holy wrath
 v - the +5 mace of Trog's Fury {holy, rElec MR+ Int-3}
   (Trog gifted it to you on level 3 of the Snake Pit)

   It has been blessed by the Shining One to cause great damage to the undead
   and demons.
   It affects your intelligence (-3).
   It insulates you from electricity.
   It affects your resistance to hostile enchantments.
Armour
 d - a +0 plate armour of cold resistance
 g - quicksilver dragon scales (worn)
 w - a +1 plate armour of poison resistance
 A - the +1 pair of boots of the Spider Nest (worn) {Str+3}
   (You acquired it on level 1 of the Elven Halls)

   It affects your strength (+3).
 C - a +1 plate armour of positive energy
 D - a scarf of repulsion (worn)
 J - a +1 pair of gloves (worn)
 S - +0 acid dragon scales
 U - the +2 hat of the Bear Spirit (worn) {Spirit, +Rage rN+ MR++}
   (You acquired it on level 1 of the Vaults)

   It protects you from negative energy.
   It affects your resistance to hostile enchantments.
   It lets you go berserk.
 V - the +3 large shield of Taidwyum (worn) {rF+ Str+3}
   (You acquired it on level 1 of the Depths)

   It affects your strength (+3).
   It protects you from fire.
 Z - a scarf of resistance
Jewellery
 a - the ring of Joras {+Inv rC+ Int+2}
   (You took it off a deep elf death mage on level 3 of the Elven Halls)

   [ring of protection from cold]

   It affects your intelligence (+2).
   It protects you from cold.
   It lets you turn invisible.
 i - the amulet of the Four Winds (around neck) {rN+ MR+++ Clar}
   (You found it on level 4 of the Vaults)

   [amulet of nothing]

   It protects you from negative energy.
   It affects your resistance to hostile enchantments.
   It protects you against confusion.
 x - the ring "Onuekhot" (right hand) {rPois rF+ Slay+5 Stlth-}
   (You found it on level 1 of the Depths)

   [ring of attention]

   It affects your accuracy and damage with ranged weapons and melee attacks
   (+5).
   It protects you from fire.
   It protects you from poison.
   It makes you less stealthy.
 B - the ring of Ehiecw {rElec rPois Dex+3 SInv}
   (You took it off a deep elf elementalist on level 3 of the Elven Halls)

   [ring of see invisible]

   It affects your dexterity (+3).
   It insulates you from electricity.
   It protects you from poison.
   It lets you see invisible.
 I - a +2 amulet of reflection
 K - a ring of resist corrosion (left hand)
 M - the ring "Qewneim" {rF+ Int+4}
   (You took it off a merfolk siren on level 4 of the Shoals)

   [ring of protection from fire]

   It affects your intelligence (+4).
   It protects you from fire.
 P - an uncursed ring of protection from cold
Wands
 k - a wand of paralysis (41)
 n - a wand of digging (15)
 H - a wand of iceblast (7)
 X - a wand of flame (5)
Scrolls
 f - 8 scrolls of enchant weapon
 h - 19 scrolls of remove curse
 j - 8 scrolls of enchant armour
 q - 5 scrolls of blinking
 r - 4 scrolls of identify
 t - 6 scrolls of magic mapping
 u - 9 scrolls of fear
 y - 5 scrolls of fog
 G - 5 scrolls of holy word
 Q - a scroll of summoning
 R - 11 scrolls of teleportation
Potions
 b - 9 potions of haste
 e - 18 potions of curing
 l - 11 potions of heal wounds
 m - 6 potions of might
 o - 12 potions of flight
 z - 9 potions of agility
 E - 4 potions of resistance
 F - 12 potions of mutation
 O - 2 potions of cancellation
Miscellaneous
 L - a lightning rod (4/4)
 T - a fan of gales
 W - 3 phantom mirrors
Comestibles
 c - 54 rations


   Skills:
 O Level 27 Fighting
 - Level 12.0 Maces & Flails
 + Level 26.1 Armour
 + Level 18.4 Dodging
 - Level 25.0 Shields


You had 24 spell levels left.
You didn't know any spells.
Your spell library was empty.

Dungeon Overview and Level Annotations

Branches:
Dungeon (15/15)            Temple (1/1) D:5            Lair (6/6) D:9
 Shoals (4/4) Lair:2        Snake (4/4) Lair:3        Slime (5/5) Lair:5
    Orc (2/2) D:12            Elf (3/3) Orc:2        Vaults (4/5) D:14
  Crypt (0/3) Vaults:2     Depths (5/5) D:15            Zot (0/5) Depths:5

Altars:
Kikubaaqudgha
Makhleb
Nemelex Xobeh
Okawaru
Qazlal
Sif Muna
Vehumet
Xom
Beogh
Jiyva

Shops:
D:4 ?(   D:7 :   D:8 *   Orc:2 :*([   Shoals:2 (   Shoals:3 !   Vaults:1 *
Vaults:2 %   Depths:1 ?   Depths:5 =

Portals:
Hell: Depths:1 Depths:2 Depths:3 Depths:4 Depths:5
Abyss: Depths:4 Depths:5
Pandemonium: Depths:3 Depths:5
Ziggurat: Depths:5
Trove: D:11 (show slimy rune of Zot)

Annotations:
Shoals:4 exclusion: oklob plant


Innate Abilities, Weirdness & Mutations

You reflexively headbutt those who attack you in melee.
You have a pair of horns on your head.
Your magical capacity is low. (-10% MP)
You are covered in fur. (AC +1)


Message History

The azure jelly hits you.
* * * LOW HITPOINT WARNING * * *
The floating eye seems to glare at you. The great orb of eyes bites you!
* * * LOW HITPOINT WARNING * * *
The azure jelly completely misses you.
The azure jelly hits you but does no damage.
The azure jelly hits you!
* * * LOW HITPOINT WARNING * * *
The azure jelly hits you but does no damage.
The floating eye gazes piercingly through you!
You shrug off the repeated paralysis!
The azure jelly hits you but does no damage. x4
The great orb of eyes bites you.
* * * LOW HITPOINT WARNING * * *
The azure jelly hits you but does no damage.
The azure jelly hits you.
* * * LOW HITPOINT WARNING * * *
The azure jelly freezes you! You resist.
You die...

....... .......
......... ........#
.........#
.........####
..........GGG#
..........@#..G#...
.........J.########
..........## #)#
...........# #
...........#
...........##
............##
.............##
...............#


You could see an azure jelly, 2 great orbs of eyes and a floating eye.

Vanquished Creatures
  An ancient lich (Depths:3)
  Mennas (Vaults:2)
  2 juggernauts
  A greater mummy (Depths:1)
  Sojobo (Vaults:4)
  Boris (Vaults:2)
  A golden dragon (Depths:5)
  4 caustic shrikes (Depths:4)
  The ghost of tijit the Brawler, an adept TrBe of Trog (Elf:1)
  Nikola (Elf:1)
  A bone dragon (Depths:5)
  A Tzitzimitl (Depths:3)
  2 tentacled monstrosities (Depths:4)
  5 liches
  3 deep elf blademasters (Elf:3)
  The ghost of Zarghuo the Geomancer, an adept GrEE of Vehumet (Shoals:3)
  2 quicksilver dragons (Depths:4)
  10 acid blobs
  2 krakens (Shoals:4)
  Polyphemus (Shoals:4)
  A shadow dragon (Vaults:2)
  2 storm dragons
  6 sphinxes
  4 tengu reavers
  8 azure jellies
  An iron dragon (Depths:4)
  7 frost giants
  6 fire giants
  7 deep elf sorcerers
  10 vault wardens
  9 nagarajas (Snake:4)
  An orc warlord (Orc:2)
  A caustic shrike zombie (Depths:3)
  7 deep elf elementalists (Elf:3)
  A draconian shifter (Depths:5)
  8 ironheart preservers
  A juggernaut skeleton (Depths:3)
  A spriggan defender (Depths:2)
  The ghost of tardigrad the Spear-Bearer, a journeyman MfFi of Sif Muna (Lair:6)
  14 stone giants
  13 very ugly things
  5 reapers (Depths:3)
  A deep elf demonologist (Vaults:3)
  3 vampire knights
  2 green draconians (Depths:5)
  9 deep elf annihilators
  An entropy weaver (Lair:4)
  A large abomination (Elf:3)
  A black draconian (Depths:5)
  A red draconian (Depths:5)
  A yellow draconian (Depths:5)
  9 spark wasps
  A crystal guardian (Vaults:4)
  8 ettins
  4 merfolk javelineers
  A blizzard demon (Depths:5)
  5 mummy priests (Depths:1)
  11 deep elf death magi
  10 fire dragons
  10 merfolk impalers
  8 death oozes
  8 great orbs of eyes
  4 deep elf high priests
  13 yaktaur captains
  3 vault guards
  10 ogre magi
  3 rakshasas
  13 hydras
  9 ice dragons
  20 naga warriors
  4 merfolk avatars
  6 spriggan air magi
  5 death knights
  2 anacondas
  27 dancing weapons
  A satyr (Shoals:4)
  8 death yaks
  9 centaur warriors
  26 two-headed ogres
  11 deep troll shamans
  12 deep troll earth magi
  5 tengu warriors
  4 merfolk aquamancers
  A titan zombie (Depths:3)
  3 spriggan berserkers
  2 soul eaters (Depths:3)
  Nergalle (Orc:1)
  4 shock serpents
  An orc high priest (Orc:2)
  17 deep elf knights
  8 naga sharpshooters
  14 skeletal warriors
  20 hell knights
  6 salamander mystics
  2 shadow wraiths
  3 iron trolls
  A sixfirhy (Depths:5)
  3 flayed ghosts
  3 glowing orange brains
  An infernal demonspawn (Depths:5)
  39 deep trolls
  A storm dragon skeleton (Vaults:4)
  A golden dragon zombie (Depths:3)
  15 sea snakes
  An unseen horror (D:11)
  A small abomination (Depths:3)
  An orange crystal statue (Depths:4)
  A torturous demonspawn (Depths:5)
  9 ironbrand convokers
  8 naga ritualists
  A lindwurm (Lair:6)
  16 harpies
  10 deep elf archers
  6 phantasmal warriors
  3 wizards
  11 orc knights
  A shadow dragon skeleton (Depths:3)
  65 deep elf magi
  A sphinx zombie (Depths:3)
  9 fauns
  8 necromancers
  A tengu skeleton (Depths:3)
  4 mana vipers
  44 ugly things
  4 wolf spiders
  2 golden dragon skeletons (Depths:3)
  25 salamanders
  16 manticores
  An orc sorcerer (Orc:2)
  9 cyclopes
  5 shining eyes
  A fire giant zombie (Depths:3)
  A sphinx skeleton (Depths:3)
  A rust devil (Depths:4)
  2 iron dragon skeletons (Depths:3)
  2 guardian serpents (shapeshifter)
  Maurice (D:13)
  A frost giant skeleton (Depths:3)
  3 merfolk sirens
  3 fire giant skeletons
  9 guardian serpents
  6 torpor snails
  A black mamba (shapeshifter) (Vaults:1)
  13 naga magi
  An ice statue (D:13)
  7 vault sentinels
  A molten gargoyle (Depths:2)
  Psyche (D:9)
  2 eyes of devastation
  19 spiny frogs
  7 water nymphs
  56 black mambas
  10 centaur skeletons
  A gargoyle (D:12)
  A spiny frog (shapeshifter) (Vaults:1)
  5 rime drakes
  A komodo dragon (shapeshifter) (D:13)
  48 yaktaurs
  8 komodo dragons
  10 freezing wraiths
  A yaktaur (shapeshifter) (Vaults:1)
  A tengu conjurer (Depths:2)
  3 spriggan skeletons (Depths:3)
  3 guardian mummies (Depths:1)
  4 tyrant leeches (Lair:6)
  14 hornets
  A meliai (D:13)
  A meliai (shapeshifter) (Vaults:2)
  8 trolls
  34 merfolk
  A hornet (shapeshifter) (Vaults:3)
  21 blink frogs
  A blink frog (shapeshifter) (Vaults:4)
  A wolf spider simulacrum (D:14)
  57 slime creatures
  10 dream sheep
  5 wind drakes
  A fire giant simulacrum (Depths:3)
  A frost giant simulacrum (Depths:3)
  14 hippogriffs
  15 snapping turtles
  A centaur simulacrum (D:15)
  A vampire (D:15)
  A yak (shapeshifter) (Vaults:4)
  3 air elementals
  3 spriggans
  23 water elementals
  12 wyverns
  A wraith (D:13)
  2 shadows
  2 elf zombies (Depths:3)
  3 basilisks
  2 redbacks (Lair:6)
  38 yaks
  5 fire elementals
  7 fire bats
  5 golden eyes
  A spriggan simulacrum (Depths:3)
  A steam dragon (D:9)
  A chaos spawn (Depths:5)
  A yaktaur simulacrum (Vaults:4)
  4 vampire mosquitoes
  An elf skeleton (Depths:3)
  2 wargs
  2 human simulacra
  5 soldier ants
  2 acid dragons (D:15)
  2 hydra simulacra (Depths:2)
  65 nagas
  27 water moccasins
  A human skeleton (Depths:3)
  9 porcupines
  9 hell hounds
  A floating eye (Depths:1)
  33 orc warriors
  4 sky beasts
  4 black bears
  5 phantoms
  5 ice beasts
  6 eyes of draining
  A necrophage (D:9)
  46 ogres
  21 wolves
  3 boggarts
  11 centaurs
  A crocodile (shapeshifter) (Vaults:1)
  8 crocodiles
  3 big kobolds (D:11)
  13 bullfrogs
  2 gnoll sergeants (D:12)
  A glowing shapeshifter simulacrum (Depths:3)
  3 wyvern skeletons
  2 earth elementals (Elf:1)
  8 scorpions
  An elf simulacrum (Vaults:4)
  3 howler monkeys (D:11)
  A killer bee (D:9)
  7 wights
  8 crimson imps
  4 jellies
  A quasit (Depths:5)
  3 centaur zombies
  16 orc priests
  13 hounds
  24 orc wizards
  4 bullfrog zombies
  A bullfrog skeleton (D:11)
  6 iguanas
  27 worker ants
  A killer bee zombie (D:9)
  A hound zombie (D:5)
  A mummy (Depths:1)
  Robin (D:4)
  A howler monkey zombie (D:9)
  3 worker ant zombies
  12 gnolls
  20 adders
  8 shadow imps
  13 white imps
  A worker ant simulacrum (D:9)
  An ooze (D:2)
  An adder skeleton (D:4)
  2 adder zombies (D:7)
  4 worms
  A dart slug (D:3)
  10 leopard geckos
  61 orcs
  6 ball pythons
  2 giant cockroaches (D:3)
  13 goblins
  23 hobgoblins
  6 jackals (D:9)
  4 quokkas
  8 bats
  4 frilled lizards
  A jackal skeleton (D:8)
  10 kobolds
  A quokka skeleton (D:9)
  9 rats
  2 crawling corpses (Elf:1)
  A fungus (Elf:2)
  A plant (Shoals:1)
  4 tentacles (Shoals:4)
2053 creatures vanquished.

Vanquished Creatures (collateral kills)
  the Royal Jelly (Slime:5)
  Vashnia (Snake:4)
  Jory (Vaults:4)
  A lich (Depths:3)
  An acid blob (Slime:5)
  2 ancient champions (Vaults:2)
  Agnes (D:15)
  2 tengu reavers (Vaults:4)
  2 azure jellies (Slime:5)
  6 nagarajas (Snake:4)
  2 vault wardens (Vaults:1)
  2 very ugly things (Vaults:2)
  2 stone giants (Depths:2)
  An entropy weaver (Lair:4)
  2 death oozes (Slime:5)
  A great orb of eyes (Slime:5)
  6 naga warriors (Snake:4)
  A catoblepas (Shoals:4)
  A hydra (D:12)
  A centaur warrior (D:14)
  An ogre mage (D:14)
  A queen ant (Lair:4)
  4 naga sharpshooters (Snake:4)
  A two-headed ogre (Vaults:1)
  4 hell knights (D:12)
  A necromancer (D:12)
  An ironbrand convoker (Vaults:4)
  A naga ritualist (Snake:4)
  3 orc knights
  An orc sorcerer (Orc:2)
  An ugly thing (Vaults:2)
  A naga mage (Snake:4)
  A spiny frog (Lair:4)
  2 centaur skeletons (D:14)
  A yaktaur (Vaults:1)
  A freezing wraith (Vaults:2)
  A shadow (D:12)
  A hungry ghost (D:12)
  13 nagas (Snake:4)
  7 soldier ants (Lair:4)
  9 orc warriors
  An ice beast (D:9)
  3 ogres
  3 centaurs
  3 gnoll sergeants (D:12)
  A crimson imp (D:9)
  2 orc priests (Orc:2)
  6 orc wizards
  9 worker ants (Lair:4)
  A gnoll (D:12)
  9 orcs
  3 tentacles (Shoals:4)
134 creatures vanquished.

Vanquished Creatures (others)
  A deep elf master archer (Elf:3)
  A stone giant (Vaults:2)
  Nessos (D:15)
  3 merfolk javelineers
  3 yaktaur captains
  A small abomination (Depths:3)
  6 centaur warriors
  A naga sharpshooter (Snake:2)
  A deep elf archer (Elf:2)
  2 deep elf magi
  3 cyclopes
  A faun (Shoals:3)
  12 yaktaurs
  2 water elementals (Depths:2)
  5 hydra simulacra (Depths:2)
  A boggart (Vaults:1)
  4 centaurs
  A quasit (Depths:5)
  42 fungi
  A macabre mass (Depths:3)
  64 plants
  15 tentacles (Shoals:4)
171 creatures vanquished.

Grand Total: 2358 creatures vanquished

Notes
Turn   | Place    | Note
-------+----------+-------------------------------------------
     0 | D:1      | Dawnplanks the Minotaur Berserker began the quest for the
                  | Orb.
     0 | D:1      | Reached XP level 1. HP: 19/19 MP: 0/0
   219 | D:1      | Reached XP level 2. HP: 27/27 MP: 1/1
   226 | D:1      | Reached skill level 4 in Fighting
   521 | D:1      | Reached ** piety under Trog
   930 | D:2      | Found a radiant altar of Vehumet.
   934 | D:2      | Reached XP level 3. HP: 33/33 MP: 2/2
  1163 | D:2      | Reached skill level 5 in Maces & Flails
  1383 | D:2      | Reached XP level 4. HP: 41/41 MP: 3/3
  2302 | D:3      | Reached XP level 5. HP: 47/47 MP: 4/4
  2320 | D:3      | Reached skill level 5 in Fighting
  2320 | D:3      | Reached XP level 6. HP: 56/56 MP: 5/5
  2490 | D:4      | Found Zuzurphe's Weapon Shop.
  2494 | D:4      | Reached *** piety under Trog
  2514 | D:4      | Found Voos's Magic Scroll Shop.
  2525 | D:4      | Noticed Robin
  2538 | D:4      | Killed Robin
  2739 | D:4      | Reached XP level 7. HP: 61/61 MP: 6/6
  3641 | D:5      | Entered Level 5 of the Dungeon
  3734 | D:5      | Found a staircase to the Ecumenical Temple.
  3779 | Temple   | Entered the Ecumenical Temple
  3874 | D:5      | Reached skill level 6 in Fighting
  3918 | D:5      | Reached XP level 8. HP: 40/70 MP: 7/7
  4273 | D:5      | Reached **** piety under Trog
  4351 | D:5      | Found a burning altar of Makhleb.
  4677 | D:6      | Reached skill level 5 in Armour
  4782 | D:6      | Reached skill level 10 in Maces & Flails
  4787 | D:6      | Reached skill level 7 in Fighting
  5139 | D:6      | Found a sparkling altar of Nemelex Xobeh.
  5145 | D:6      | Reached skill level 5 in Dodging
  5380 | D:6      | Reached XP level 9. HP: 67/79 MP: 8/8
  5554 | D:6      | Received a gift from Trog
  6065 | D:7      | Reached skill level 8 in Fighting
  6205 | D:7      | Found a deep blue altar of Sif Muna.
  6276 | D:7      | Found Duogg's Book Emporium.
  6922 | D:8      | Found an iron altar of Okawaru.
  6930 | D:8      | Found a shimmering altar of Xom.
  6930 | D:8      | Found a shimmering altar of Xom.
  6943 | D:8      | Found a shimmering altar of Xom.
  6944 | D:8      | Found a shimmering altar of Xom.
  6944 | D:8      | Found a shimmering altar of Xom.
  6944 | D:8      | Found a shimmering altar of Xom.
  6946 | D:8      | Found a shimmering altar of Xom.
  6968 | D:8      | Got a smoking zirconium amulet
  6969 | D:8      | Identified the amulet "Sedd" {Harm *Drain rF+ MR+ Int+4
                  | Slay+2} (You found it on level 8 of the Dungeon)
  7182 | D:8      | Reached skill level 9 in Fighting
  7294 | D:8      | Noticed a black mamba
  7465 | D:8      | Reached XP level 10. HP: 91/91 MP: 9/9
  7485 | D:8      | Found Soigeiro's General Store.
  7786 | D:9      | Reached ***** piety under Trog
  7807 | D:9      | Reached skill level 10 in Fighting
  7879 | D:9      | Noticed Psyche
  7885 | D:9      | Killed Psyche
  8102 | D:9      | Reached skill level 11 in Fighting
  8333 | D:9      | Reached skill level 10 in Armour
  8340 | D:9      | Found a runed door.
  8355 | D:9      | Found a staircase to the Lair.
  8440 | D:9      | Found a roughly hewn altar of Beogh.
  8848 | D:9      | Received a gift from Trog
  8938 | D:10     | Entered Level 10 of the Dungeon
  9022 | D:10     | Paralysed by a hornet for 1 turns
  9212 | D:11     | Reached XP level 11. HP: 103/103 MP: 10/10
  9219 | D:11     | Noticed a two-headed ogre
  9225 | D:11     | Killed a two-headed ogre
  9225 | D:11     | Reached skill level 12 in Fighting
  9250 | D:11     | Noticed a five-headed hydra
  9356 | D:12     | Killed a five-headed hydra
  9466 | D:11     | Reached skill level 1 in Shields
  9468 | D:11     | Noticed a two-headed ogre
  9476 | D:11     | Noticed an eight-headed hydra
  9493 | D:12     | Killed a two-headed ogre
  9631 | D:12     | Killed an eight-headed hydra
  9631 | D:12     | Reached skill level 13 in Fighting
  9712 | D:11     | Noticed a six-headed hydra
  9731 | D:11     | Killed a six-headed hydra
  9765 | D:11     | Noticed a green ugly thing
  9765 | D:11     | Noticed a cyan ugly thing
  9772 | D:11     | Noticed a red ugly thing
  9834 | D:12     | Killed a green ugly thing
  9890 | D:12     | Killed a purple ugly thing
  9952 | D:12     | Killed a red ugly thing
 10010 | D:11     | Found a portal to a secret trove of treasure.
 10088 | D:11     | Got a brightly glowing scale mail
 10100 | D:11     | Identified the +1 scale mail of the Prince of Darkness
                  | {rPois rN+ MR- Int+3} (You found it on level 11 of the
                  | Dungeon)
 10234 | D:11     | Noticed an unseen horror
 10242 | D:11     | Reached XP level 12. HP: 110/114 MP: 11/11
 10362 | D:11     | Noticed an eight-headed hydra
 10371 | D:11     | Killed an eight-headed hydra
 10924 | D:10     | Identified the ring "Mystriosh" {MP+9 Slay+2}
 11318 | Lair:1   | Entered Level 1 of the Lair of Beasts
 11330 | Lair:1   | Reached skill level 14 in Fighting
 11564 | Lair:1   | Reached skill level 5 in Shields
 12390 | Lair:2   | Found a staircase to the Shoals.
 12668 | Lair:2   | Noticed a seven-headed hydra
 12680 | Lair:2   | Killed a seven-headed hydra
 12734 | Lair:2   | Reached skill level 15 in Armour
 13064 | Lair:3   | Reached XP level 13. HP: 124/124 MP: 12/12
 13121 | Lair:3   | Reached skill level 15 in Fighting
 13807 | Lair:3   | Found a runed door.
 14055 | Lair:3   | Found a staircase to the Snake Pit.
 14096 | Lair:3   | Received a gift from Trog
 14946 | Lair:4   | Noticed an entropy weaver
 14958 | Lair:4   | Killed an entropy weaver
 14964 | Lair:4   | Noticed an entropy weaver
 14973 | Lair:4   | Killed an entropy weaver
 15196 | Lair:4   | Reached skill level 16 in Fighting
 15294 | Lair:4   | Received a gift from Trog
 16333 | Lair:5   | Found a staircase to the Slime Pits.
 16334 | Lair:5   | Found a viscous altar of Jiyva.
 16387 | Lair:5   | Reached XP level 14. HP: 137/137 MP: 13/13
 16783 | Lair:6   | Entered Level 6 of the Lair of Beasts
 16903 | Lair:6   | Reached skill level 17 in Fighting
 17234 | Lair:6   | Received a gift from Trog
 17651 | Lair:6   | Reached ****** piety under Trog
 17812 | Lair:6   | Found a runed door.
 17831 | Lair:6   | Noticed tardigrad's ghost (journeyman MfFi)
 17891 | Lair:6   | Reached skill level 18 in Fighting
 18156 | Lair:6   | Killed tardigrad's ghost
 18592 | Lair:6   | Found a runed door.
 19042 | Lair:6   | Reached skill level 10 in Shields
 19599 | D:11     | Received a gift from Trog
 20032 | D:12     | Reached XP level 15. HP: 149/149 MP: 14/14
 20467 | D:12     | Found a staircase to the Orcish Mines.
 20524 | Orc:1    | Entered Level 1 of the Orcish Mines
 20538 | Orc:1    | Noticed Nergalle
 20556 | Orc:1    | Killed Nergalle
 21204 | Orc:2    | Entered Level 2 of the Orcish Mines
 21306 | Orc:2    | Noticed an orc warlord
 21321 | Orc:2    | Reached skill level 19 in Fighting
 21329 | Orc:2    | Killed an orc warlord
 21342 | Orc:2    | Found a roughly hewn altar of Beogh.
 21361 | Orc:2    | Received a gift from Trog
 21373 | Orc:2    | Found Xotziev's General Store.
 21375 | Orc:2    | Found Wirewiq's Antique Armour Emporium.
 21536 | Orc:2    | Found Hyroaz's Antique Weapon Emporium.
 21688 | Orc:2    | Found a frozen archway.
 21720 | Orc:2    | Found a dark tunnel.
 21725 | Volcano  | Entered a volcano
 22393 | Orc:2    | Found Bannudi's Book Emporium.
 22432 | Orc:2    | Bought a jewelled plate armour for 784 gold pieces
 22487 | Orc:2    | Identified the +2 plate armour of Doydaal {+Fly rF- Stlth+}
                  | (You bought it in a shop on level 2 of the Orcish Mines)
 22491 | Orc:2    | Bought a slimy chain mail for 266 gold pieces
 22501 | Orc:2    | Identified the +6 chain mail of Shielding {rC- MP+9 Int+4}
                  | (You bought it in a shop on level 2 of the Orcish Mines)
 22653 | Orc:2    | Found a staircase to the Elven Halls.
 24247 | D:13     | Got a scintillating silver amulet
 24255 | D:13     | Identified the amulet of the Castellan {Fragile +Rage rF++
                  | Dex+5} (You found it on level 13 of the Dungeon)
 24691 | D:13     | Noticed Maurice
 24706 | D:13     | Killed Maurice
 25519 | D:14     | Found a stormy altar of Qazlal.
 25720 | D:14     | Reached XP level 16. HP: 121/162 MP: 15/15
 25902 | D:14     | Found a gate to the Vaults.
 26151 | D:15     | Entered Level 15 of the Dungeon
 26174 | D:15     | Noticed Nessos
 26179 | D:15     | Killed Nessos
 26297 | D:15     | Noticed Agnes
 26308 | D:15     | Killed Agnes
 26415 | D:15     | Reached skill level 20 in Fighting
 26564 | D:15     | Received a gift from Trog
 26595 | D:15     | Got a crystal fustibalus {god gift}
 26596 | D:15     | Identified the +6 fustibalus of Grace {flame, +Blink rPois}
                  | (Trog gifted it to you on level 15 of the Dungeon)
 27030 | D:15     | Found a staircase to the Depths.
 27432 | Shoals:1 | Entered Level 1 of the Shoals
 27488 | Lair:2   | Gained mutation: You are agile. (Dex +2) [potion of
                  | mutation]
 27488 | Lair:2   | Gained mutation: You are very agile. (Dex +4) [potion of
                  | mutation]
 28254 | Shoals:2 | Reached skill level 15 in Shields
 29062 | Shoals:2 | Found Cine's Weapon Shoppe.
 29663 | Shoals:2 | Received a gift from Trog
 29700 | Shoals:3 | Found Jouqif's Distillery.
 30075 | Shoals:3 | Found a runed door.
 30075 | Shoals:3 | Noticed Zarghuo's ghost (adept GrEE)
 30299 | Shoals:3 | Killed Zarghuo's ghost
 30306 | Shoals:3 | Reached XP level 17. HP: 172/172 MP: 16/16
 30315 | Shoals:3 | Got a bloodstained rapier
 30698 | Shoals:4 | Entered Level 4 of the Shoals
 31281 | Shoals:4 | Received a gift from Trog
 31304 | Shoals:4 | Got a twisted demon whip {god gift}
 31307 | Shoals:4 | Identified the +3 demon whip of Darkness {vamp, +Fly rC+}
                  | (Trog gifted it to you on level 4 of the Shoals)
 31330 | Shoals:4 | Noticed a kraken
 31353 | Shoals:4 | Killed a kraken
 31540 | Shoals:4 | Noticed Polyphemus
 31570 | Shoals:4 | Killed Polyphemus
 31594 | Shoals:4 | Identified the ring "Qewneim" {rF+ Int+4}
 32046 | Shoals:4 | Reached skill level 21 in Fighting
 32051 | Shoals:4 | Noticed a kraken
 32371 | Shoals:4 | Killed a kraken
 32379 | Shoals:4 | Got a barnacled rune of Zot
 33007 | Snake:1  | Entered Level 1 of the Snake Pit
 33087 | Snake:1  | Received a gift from Trog
 33088 | Snake:1  | Got a twisted quarterstaff {god gift}
 33876 | Snake:1  | You fall through a shaft!
 33879 | Snake:2  | Found the +7 sceptre of Torment {pain, torment}
 34149 | Snake:2  | Reached XP level 18. HP: 181/182 MP: 17/17
 34584 | Snake:2  | Received a gift from Trog
 35237 | Snake:3  | Found a runed door.
 35774 | Snake:3  | Received a gift from Trog
 35815 | Snake:3  | Got a brightly glowing mace {god gift}
 35889 | Snake:3  | Identified the +5 mace of Trog's Fury {holy, rElec MR+
                  | Int-3} (Trog gifted it to you on level 3 of the Snake Pit)
 35895 | Snake:3  | Identified the +0 quarterstaff of Cophuahe {drain, rPois
                  | MR+ Int-3 Stlth+} (Trog gifted it to you on level 1 of the
                  | Snake Pit)
 35988 | Snake:4  | Entered Level 4 of the Snake Pit
 36231 | Snake:4  | Noticed Vashnia
 36241 | Snake:4  | Killed Vashnia
 36301 | Snake:4  | Reached skill level 22 in Fighting
 36553 | Snake:4  | Received a gift from Trog
 36791 | Snake:4  | Got a slimy great sword
 36792 | Snake:4  | Identified the +10 great sword "Focoda" {speed, rElec rC+}
                  | (You found it on level 4 of the Snake Pit)
 37287 | Snake:4  | Got a serpentine rune of Zot
 37357 | Snake:4  | Reached skill level 23 in Fighting
 37441 | Snake:4  | Reached XP level 19. HP: 192/195 MP: 18/18
 37517 | Snake:4  | Received a gift from Trog
 37981 | Vaults:1 | Entered Level 1 of the Vaults
 38839 | D:14     | Received a gift from Trog
 39331 | Vaults:1 | Got an ancient graven amulet
 39333 | Vaults:1 | Identified the amulet "Lamoffad" {Inacc rElec rF- Str+3
                  | Int+8} (You found it on level 1 of the Vaults)
 39474 | Vaults:1 | Found Xouvoab's General Store.
 39544 | Vaults:1 | Bought a scroll of acquirement for 1040 gold pieces
 39545 | Vaults:1 | Found the +2 hat of the Bear Spirit {Spirit, +Rage rN+
                  | MR++}
 39676 | Vaults:1 | Reached skill level 24 in Fighting
 40146 | Vaults:2 | You fall through a shaft!
 40262 | Vaults:2 | Found a staircase to the Crypt.
 40274 | Vaults:2 | Received a gift from Trog
 40354 | Vaults:2 | Noticed Boris
 40371 | Vaults:2 | Killed Boris
 40690 | Vaults:2 | Got a spiked buckler
 40701 | Vaults:2 | Identified the +3 buckler of Divine Intervention {Int+8
                  | Dex-4} (You found it on level 2 of the Vaults)
 40844 | Vaults:2 | Found Xiwi's Food Boutique.
 40863 | Vaults:2 | Reached XP level 20. HP: 209/209 MP: 15/19
 40959 | Vaults:2 | Got a transparent leather armour
 40970 | Vaults:2 | Identified the +3 leather armour of the City {-Cast Int+6
                  | Dex+7} (You found it on level 2 of the Vaults)
 41051 | Vaults:2 | Reached skill level 25 in Fighting
 41082 | Vaults:2 | Noticed Mennas
 41136 | Vaults:2 | Killed Mennas
 41841 | Vaults:3 | Identified the Collected Works on the Frostbite and the
                  | Mountains
 41881 | Vaults:3 | Received a gift from Trog
 41898 | Vaults:3 | Got a polished flail {god gift}
 41899 | Vaults:3 | Identified the +10 flail "Jinkot" {crush, *Noise *Drain
                  | +Fly rC+++} (Trog gifted it to you on level 3 of the
                  | Vaults)
 42096 | Vaults:3 | Reached skill level 26 in Fighting
 42819 | Vaults:3 | Received a gift from Trog
 42943 | Vaults:3 | Found an iron altar of Okawaru.
 43458 | Vaults:4 | Reached XP level 21. HP: 217/223 MP: 16/20
 43595 | Vaults:4 | Noticed Sojobo
 43625 | Vaults:4 | Killed Sojobo
 43674 | Vaults:4 | Noticed Jory
 43698 | Vaults:4 | Killed Jory
 43726 | Vaults:4 | Reached skill level 27 in Fighting
 43772 | Vaults:4 | Got a twisted chain mail
 43773 | Vaults:4 | Identified the +1 chain mail "Vuqu" {-Cast rN+++ Int-4
                  | Dex+6} (You found it on level 4 of the Vaults)
 43953 | Vaults:4 | Found the amulet of the Four Winds {rN+ MR+++ Clar}
 44706 | Vaults:4 | Upgraded the game from 0.23-a0-373-g305c090 to
                  | 0.23-a0-375-g66a18ee
 44948 | Elf:1    | Entered Level 1 of the Elven Halls
 45045 | Elf:1    | Found a runed door.
 45046 | Elf:1    | Noticed tijit's ghost (adept TrBe)
 45133 | Elf:1    | Got a pair of steaming boots
 45144 | Elf:1    | Identified the +1 pair of boots of the Spider Nest {Str+3}
                  | (You acquired it on level 1 of the Elven Halls)
 45358 | Elf:1    | Received a gift from Trog
 45413 | Elf:1    | Noticed Nikola
 45432 | Elf:1    | Killed Nikola
 45718 | Elf:1    | Killed tijit's ghost
 46078 | Elf:2    | Identified the cursed +3 glaive of Bykyifah {vamp, +Blink
                  | Int+3}
 46186 | Elf:2    | Found a runed gate.
 46186 | Elf:2    | Found a runed gate.
 46196 | Elf:2    | Found a runed gate.
 47134 | Depths:1 | Entered Level 1 of the Depths
 47142 | Depths:1 | Reached skill level 10 in Dodging
 47290 | Depths:1 | Found a gateway to Hell.
 47345 | Depths:1 | Found Rotan's Magic Scroll Shoppe.
 47351 | Depths:1 | Bought a scroll of acquirement for 1248 gold pieces
 47357 | Depths:1 | Got a slimy large shield
 47368 | Depths:1 | Identified the +3 large shield of Taidwyum {rF+ Str+3} (You
                  | acquired it on level 1 of the Depths)
 47682 | Depths:1 | Reached XP level 22. HP: 233/233 MP: 21/21
 47698 | Depths:1 | Found a large runed door.
 47698 | Depths:1 | Found a large runed door.
 47791 | Depths:1 | Gained mutation: Your magical capacity is low. (-10% MP) [a
                  | shining eye]
 47793 | Depths:1 | Gained mutation: You are covered in fur. (AC +1) [a shining
                  | eye]
 47840 | Depths:1 | Paralysed by a floating eye for 2 turns
 47918 | Depths:1 | Got a fine turquoise ring
 47922 | Depths:1 | Identified the ring "Onuekhot" {rPois rF+ Slay+5 Stlth-}
                  | (You found it on level 1 of the Depths)
 48125 | Depths:1 | Noticed a greater mummy
 48136 | Depths:1 | Killed a greater mummy
 48521 | Depths:1 | Found the amulet of Vitality {Regen+ HP+15}
 48761 | Depths:2 | Received a gift from Trog
 48949 | Depths:2 | Noticed a juggernaut
 48959 | Depths:2 | Killed a juggernaut
 50034 | Depths:3 | Received a gift from Trog
 50371 | Depths:3 | Found a one-way gate leading to the halls of Pandemonium.
 50611 | Depths:3 | Found an ancient bone altar of Kikubaaqudgha.
 50611 | Depths:3 | Noticed an ancient lich
 50620 | Depths:3 | Killed an ancient lich
 50847 | Depths:3 | Reached XP level 23. HP: 193/238 MP: 16/19
 50865 | Depths:3 | Received a gift from Trog
 50895 | Depths:3 | Got a faintly humming plate armour
 50906 | Depths:3 | Identified the +4 plate armour of the Sun {Int+6} (You
                  | found it on level 3 of the Depths)
 51822 | Depths:4 | Noticed a caustic shrike
 51831 | Depths:4 | Noticed a caustic shrike
 51846 | Depths:4 | Noticed a caustic shrike
 51847 | Depths:4 | Killed a caustic shrike
 51863 | Depths:4 | Noticed a caustic shrike
 52374 | Depths:4 | Got a warped silver ring
 52384 | Depths:4 | Identified the ring "Loajy" {*Drain MP+9 Int+4 Dex+4} (You
                  | took it off a necromancer on level 4 of the Depths)
 52581 | Depths:4 | Received a gift from Trog
 52928 | Depths:4 | Killed a caustic shrike
 52935 | Depths:4 | Killed a caustic shrike
 52946 | Depths:4 | Killed a caustic shrike
 52989 | Depths:4 | Found a one-way gate to the infinite horrors of the Abyss.
 53207 | Depths:5 | Entered Level 5 of the Depths
 53277 | Depths:5 | Found a gateway to a ziggurat.
 53279 | Depths:5 | Found Vyps's Jewellery Boutique.
 53765 | Depths:5 | Noticed a juggernaut
 53787 | Depths:5 | Killed a juggernaut
 53787 | Depths:5 | Reached XP level 24. HP: 249/249 MP: 19/19
 54014 | Depths:5 | Found a gate to the Realm of Zot.
 54037 | Depths:5 | Received a gift from Trog
 54744 | Elf:3    | Entered Level 3 of the Elven Halls
 54889 | Elf:3    | Reached skill level 15 in Dodging
 55060 | Elf:3    | Identified the +5 scimitar of Corporal Punishment {freeze,
                  | *Corrode rPois Str-2 Int+8}
 55060 | Elf:3    | Identified the ring of Joras {+Inv rC+ Int+2}
 55066 | Elf:3    | Identified the ring of Ehiecw {rElec rPois Dex+3 SInv}
 55084 | Elf:3    | Identified the cursed +1 morningstar of the Solstice
                  | {crush, rElec rPois rC- Int+8}
 55109 | Elf:3    | Received a gift from Trog
 55140 | Elf:3    | Found the +8 longbow "Zephyr" {speed, Dex+3 SInv}
 55321 | Elf:3    | Got an ivory long sword
 55322 | Elf:3    | Identified the +1 long sword "Jellyslayer" {slice, rElec
                  | SInv} (You found it on level 3 of the Elven Halls)
 56346 | Slime:1  | Entered Level 1 of the Pits of Slime
 56399 | Slime:1  | Lost mutation: You are very agile. (Dex +4) [a shining eye]
 56954 | Slime:2  | Received a gift from Trog
 57372 | Slime:3  | Lost mutation: You are agile. (Dex +2) [a shining eye]
 57839 | Slime:4  | Reached XP level 25. HP: 243/257 MP: 15/19
 57951 | Slime:5  | Entered Level 5 of the Pits of Slime
 57980 | Slime:5  | Noticed the Royal Jelly
 58008 | Slime:5  | Killed the Royal Jelly
 58057 | Slime:5  | Paralysed by a floating eye for 4 turns
 58059 | Slime:5  | HP: 9/255 [azure jelly[the Royal Jelly] (8)]
 58061 | Slime:5  | HP: 2/255 [azure jelly[the Royal Jelly] (5)]
 58061 | Slime:5  | Mangled by an azure jelly

Vault maps used:
D:1:      ebering_hopf_link, minmay_strange_pillars, grunt_decor_resistance,
          minmay_pentomino_r2
D:2:      fiery_altar_vehumet, first_ration
D:4:      serial_shops, nicolae_shop_stone, nicolae_shop_crystal, uniq_robin
D:5:      lemuel_round_altar, temple_pool_b, minivault_19, corexii_corridor_pit,
          kennysheep_generic_room_10
D:6:      basic_altar
D:7:      kennysheep_orc_sif_temple, the_bakery, kennysheep_windowed_goal
D:8:      xom_shifter_show, okawaru_ov_weapons_minmay, serial_shops,
          nicolae_shop_window_shopping
D:9:      minmay_imperfect_grid, lair_entry_dummy, minmay_misc_feat_columns,
          lightli_church_of_beogh, uniq_psyche
D:11:     minmay_the_grid_octo_tiled_octocenter, enter_trove_1
D:12:     kennysheep_blocky_hall, kennysheep_orc_monster_closet_entryway,
          minmay_rotating_lava
D:13:     nzn_random_ring, uniq_maurice
D:14:     hangedman_vaults_entry_quadrant_bands, lemuel_statue_altar
D:15:     grunt_enter_depths_snipers, uniq_agnes, uniq_nessos
Temple:   compressed_dpeg_circular_temple
Lair:1:   infiniplex_staircase_pool, serial_bayou_shore_b
Lair:2:   shoals_dummy_entry
Lair:3:   minmay_snake_entry_six_corridors, pf_torpor_hydra
Lair:4:   minmay_another_anthill
Lair:5:   slime_altar_1, fungi_pond_lemuel
Lair:6:   wormcave, hangedman_lair_tendril_chambers,
          ebering_ghost_reflecting_pool
Shoals:2: serial_shops, shop
Shoals:3: serial_shops, nicolae_shop_temple_entry_statues_fountains,
          ebering_ghost_inner_flame
Shoals:4: shoals_end_hangedman, nicolae_shoals_this_corrosion, uniq_polyphemus
Snake:3:  cheibrodos_snake_lava_hold, lightli_airlock, grunt_megastairs_1
Snake:4:  grunt_snake_rune_spirals, spider_trap, nrook_guardian_serpent_double,
          uniq_vashnia
Slime:3:  cheibrodos_slime_lost_civilization_8,
          cheibrodos_slime_lost_civilization_7
Slime:4:  cheibrodos_slime_lost_civilization_4
Orc:1:    uniq_nergalle, uniq_erolcha
Orc:2:    grunt_orc_cross, enter_volcano_1, portal_ice_cave_entry_imps
Elf:1:    elf_arrival_001, gammafunk_ghost_grave, hangedman_corner_corridor,
          uniq_nikola
Elf:3:    minmay_elf_hall_statues, grunt_ministairs_1, minivault_11,
          corexii_checkpoint_a
Vaults:1: nicolae_vaults_ring_of_whatevers, grunt_vaults_hallway_short,
          v_misc_17, grunt_vaults_hallway_long, grunt_vaults_twisty,
          nicolae_vaults_rhombus_7, nicolae_vaults_little_squares_3,
          serial_shops, shop
Vaults:2: v_rooms_5, hangedman_vaults_snaps, nicolae_vaults_twisting_passages,
          grunt_vaults_focal, dpeg_vaults_pockets_of_resistance,
          minmay_crypt_entry_simple_sparse, nicolae_vaults_yaktaur_gun_rack,
          v_misc_26, vaults_dpeg_encased_lava, nicolae_vaults_ring_of_whatevers,
          nicolae_vaults_little_ls, serial_shops, shop, uniq_mennas, uniq_boris
Vaults:3: vaults_standard_mumra_x, vaults_room_semicircle,
          nicolae_vaults_network_s, nicolae_vaults_sealed_display,
          grunt_vaults_hallway_short, ontoclasm_vaults_pinch,
          nicolae_vaults_know_your_exits, nicolae_vaults_rhombus_6,
          nicolae_vaults_border_crossing, vaults_room_hallway, basic_altar,
          serial_glass
Vaults:4: hangedman_vaults_slither, ontoclasm_vaults_shuriken, v_misc_26,
          vaults_standard_mumra_lines, v_misc_22, v_alt_pattern_6,
          vaults_room_semicircle, uniq_sojobo, uniq_jory
Depths:1: ragdoll_tomb_raider, serial_shops, shop, pf_hell_entry_tar_spiral,
          hangedman_abyss_or_decor_jellyfish_corner, fountainhead,
          hangedman_eye_storm
Depths:2: cheibrodos_hall_of_evolution, hell_entry, roderic_filled_cross,
          infiniplex_staircase_river, basic_stair_grate_trap, firewood_loft
Depths:3: evilmike_negative_zone, grunt_pan_entry_spiral,
          roderic_serpentine_path, hell_entry
Depths:4: grunt_arcs, minivault_14, abyss_entry, grunt_hell_entry_dis_grunt,
          minivault_16, item_on_display_a, minmay_staircase_windowed_large
Depths:5: evilmike_zot_entry_round, enter_ziggurat_b, abyss_entry, serial_shops,
          shop_fountains, serial_bayou_pond_d, hell_entry,
          grunt_pan_entry_zigzag, grunt_ministairs_6, st_stairs_13,
          columned_hall_lemuel
Volcano:  volcano_village

Skill      XL: |  1  2  3  4  5  6  7  8  9 10 11 12 13 14 15 16 17 18 19 20 21 22 23 24 |
---------------+-------------------------------------------------------------------------+-----
Maces & Flails | 4 5 6 7 9 10 12 | 12.0
Fighting       | 4 5 6 7 9 11 13 14 16 18 19 20 21 23 24 26 27 | 27.0
Armour         | 3 4 5 8 10 13 15 16 17 18 19 20 21 22 24 25 26 | 26.1
Dodging        | 3 4 5 6 7 8 9 10 12 18 | 18.4
Shields        | 3 6 8 10 13 16 19 20 23 25 | 25.0

Action                   |  1- 3 |  4- 6 |  7- 9 | 10-12 | 13-15 | 16-18 | 19-21 | 22-24 | 25-27 || total
-------------------------+-------+-------+-------+-------+-------+-------+-------+-------+-------++-------
Melee: Mace              |    77 |    38 |    63 |   724 |    55 |       |       |       |       ||   957
       Headbutt          |    13 |    22 |    69 |   207 |   359 |   706 |   937 |   990 |    45 ||  3348
       Whip              |       |    93 |   260 |       |       |       |       |       |       ||   353
       Demon whip        |       |       |       |       |  1290 |  1958 |  2212 |  2167 |    87 ||  7714
Throw: Tomahawk          |       |       |     3 |       |       |       |       |       |       ||     3
Invok: Berserk           |       |     3 |     9 |    16 |    22 |    14 |    14 |    10 |     1 ||    89
       Trog's Hand       |       |     1 |     3 |     3 |     9 |     7 |     6 |     1 |     1 ||    31
       Brothers in Arms  |       |       |       |     2 |     6 |    11 |    12 |     4 |     4 ||    39
 Abil: Evoke Flight      |       |       |       |       |       |    14 |       |       |       ||    14
Evoke: Wand              |       |       |       |       |       |     1 |       |       |       ||     1
  Use: Scroll            |       |       |     2 |    14 |    16 |     7 |    10 |     6 |       ||    55
       Potion            |       |       |       |     1 |     2 |     1 |     3 |     1 |       ||     8
 Stab: Distracted        |       |       |       |       |     2 |     2 |     5 |     2 |       ||    11
  Eat: Chunk             |     1 |     4 |    24 |    45 |    57 |    59 |    47 |    36 |       ||   273
       Ration            |       |     1 |       |     2 |     1 |     7 |     2 |     3 |     1 ||    17
Armor: Leather armour    |    14 |    18 |    14 |       |       |       |       |       |       ||    46
       Chain mail        |       |       |    22 |       |       |       |       |       |       ||    22
       Plate armour      |       |       |    48 |   476 |   397 |   414 |   616 |   224 |       ||  2175
       Skin              |       |       |       |    15 |       |       |       |       |       ||    15
       Quicksilver drago |       |       |       |       |       |       |       |   101 |    56 ||   157
Dodge: Dodged            |    45 |    76 |   112 |   327 |   395 |   481 |   525 |   558 |   114 ||  2633
       Deflected         |       |       |       |       |    10 |    81 |    67 |    36 |     1 ||   195
Block: Buckler           |       |       |       |    97 |   206 |       |       |       |       ||   303
       Shield            |       |       |       |       |   140 |  1354 |  1455 |   685 |       ||  3634
       Reflection        |       |       |       |       |    33 |   165 |   183 |    81 |       ||   462
       Large shield      |       |       |       |       |       |       |       |   837 |   199 ||  1036

Table legend:
 A = Non-vault XP
 B = Vault XP
 C = Vault XP percentage of total XP
 D = Non-vault monster count
 E = Vault monster count
 F = Vault count percentage of total count
                 A         B        C        D         E       F
            +---------+---------+-------+---------+---------+-------
      Total |  606575 |  555370 |  47.8 |    1345 |     853 |  38.8
            +---------+---------+-------+---------+---------+-------
        D:1 |      36 |       4 |  10.0 |      24 |       2 |   7.7
        D:2 |      65 |       0 |   0.0 |      17 |       0 |   0.0
        D:3 |     311 |       0 |   0.0 |      33 |       0 |   0.0
        D:4 |     806 |      36 |   4.3 |      29 |      11 |  27.5
        D:5 |     577 |      22 |   3.7 |      21 |       1 |   4.5
        D:6 |    1189 |       0 |   0.0 |      16 |       0 |   0.0
        D:7 |     484 |     610 |  55.8 |      11 |       7 |  38.9
        D:8 |    1459 |       0 |   0.0 |      25 |       0 |   0.0
        D:9 |    1852 |    2969 |  61.6 |      25 |      41 |  62.1
       D:10 |     996 |       0 |   0.0 |      19 |       0 |   0.0
       D:11 |    5377 |    4058 |  43.0 |      29 |      16 |  35.6
       D:12 |    4361 |   10630 |  70.9 |      25 |      44 |  63.8
       D:13 |    4540 |    5989 |  56.9 |      15 |      19 |  55.9
       D:14 |   28329 |    5898 |  17.2 |      59 |      20 |  25.3
       D:15 |   12184 |    4936 |  28.8 |      39 |       5 |  11.4
     Lair:1 |    5846 |       0 |   0.0 |      26 |       0 |   0.0
     Lair:2 |    4793 |       0 |   0.0 |      16 |       0 |   0.0
     Lair:3 |    7165 |    3012 |  29.6 |      32 |      16 |  33.3
     Lair:4 |    6469 |    3982 |  38.1 |      24 |      34 |  58.6
     Lair:5 |    8137 |       0 |   0.0 |      20 |       0 |   0.0
     Lair:6 |   15569 |   19373 |  55.4 |      43 |      58 |  57.4
   Shoals:1 |   11897 |       0 |   0.0 |      28 |       0 |   0.0
   Shoals:2 |   17035 |       0 |   0.0 |      35 |       0 |   0.0
   Shoals:3 |   19605 |    3241 |  14.2 |      39 |       2 |   4.9
   Shoals:4 |   19110 |   25433 |  57.1 |      34 |      39 |  53.4
    Snake:1 |   15781 |       0 |   0.0 |      35 |       0 |   0.0
    Snake:2 |   13420 |       0 |   0.0 |      25 |       0 |   0.0
    Snake:3 |    8241 |   15771 |  65.7 |      17 |      30 |  63.8
    Snake:4 |   13405 |   56889 |  80.9 |      30 |      99 |  76.7
    Slime:1 |   15637 |       0 |   0.0 |      23 |       0 |   0.0
    Slime:2 |   12371 |       0 |   0.0 |      29 |       0 |   0.0
    Slime:3 |    4322 |    1780 |  29.2 |      10 |       1 |   9.1
    Slime:4 |    6465 |       0 |   0.0 |       8 |       0 |   0.0
    Slime:5 |       0 |   13790 | 100.0 |       0 |       4 | 100.0
      Orc:1 |    1147 |     824 |  41.8 |      12 |       1 |   7.7
      Orc:2 |    2061 |    6851 |  76.9 |      23 |      44 |  65.7
      Elf:1 |   10312 |   10970 |  51.5 |      18 |      13 |  41.9
      Elf:2 |   13733 |   22739 |  62.3 |      17 |      29 |  63.0
      Elf:3 |   22880 |   44734 |  66.2 |      35 |      31 |  47.0
   Vaults:1 |   25641 |     882 |   3.3 |      53 |       5 |   8.6
   Vaults:2 |   13603 |   59219 |  81.3 |      22 |      52 |  70.3
   Vaults:3 |   46322 |   26603 |  36.5 |      64 |      39 |  37.9
   Vaults:4 |   16484 |   24999 |  60.3 |      33 |      21 |  38.9
   Depths:1 |   32146 |   25536 |  44.3 |      37 |      25 |  40.3
   Depths:2 |   51482 |   13312 |  20.5 |      57 |      15 |  20.8
   Depths:3 |   18948 |   43250 |  69.5 |      27 |      48 |  64.0
   Depths:4 |   15672 |   67173 |  81.1 |      16 |      47 |  74.6
   Depths:5 |   68310 |   26651 |  28.1 |      70 |      25 |  26.3
    Volcano |       0 |    3204 | 100.0 |       0 |       9 | 100.0
            +---------+---------+-------+---------+---------+-------
